 Seeded DCSS version 0.29-a0-359-g541a27f54d (webtiles) character file.

Game seed: 2364543799250634364 (custom seed)

48021 zeratav the Crack Shot (level 14, -3/75 HPs)
             Began as a Tengu Hunter on Apr 27, 2022.
             Was a Priest of Hepliaklqana.
             Succumbed to a cane toad's poison
             ... on level 6 of the Lair of Beasts.
             The game lasted 01:12:17 (17043 turns).

zeratav the Crack Shot (Tengu Hunter)              Turns: 17043, Time: 01:12:18

Health: -3/75      AC: 11    Str: 19    XL:     14   Next: 44%
Magic:  15/15      EV: 22    Int:  8    God:    Hepliaklqana [***...]
Gold:   1138       SH:  0    Dex: 26    Spells: 13/13 levels left

rFire   + . .      SeeInvis .   h - +7 longbow of Winter {freeze, rElec rC+ Str+6 Int-2, bow}
rCold   + . .      Faith    .   (shield currently unavailable)
rNeg    . . .      Spirit   .   f - +0 acid dragon scales
rPois   .          Reflect  .   (helmet restricted)
rElec   +          Harm     .   Q - +0 cloak {Stlth+}
rCorr   +          Rampage  .   (no gloves)
Will    +....                   (boots unavailable)
Stlth   +++.......              q - amulet of the acrobat
HPRegen 0.22/turn               M - ring "Lapen" {*Corrode rF+ Dex+5}
MPRegen 0.14/turn               v - +4 ring of protection

@: lethally poisoned (-3 -> -78), flying quickly and evasively, slowed, very
slow
A: reduced essence, beak, talons 3, nimble flight
a: Renounce Religion, Recall Ancestor, Ancestor Identity, Transference


You were on level 6 of the Lair of Beasts.
You worshipped Hepliaklqana.
Hepliaklqana was most pleased with you.
You visited 3 branches of the dungeon, and saw 18 of its levels.
You also visited: Sewer, Ossuary and Bailey.

You collected 1368 gold pieces.
You spent 230 gold pieces at shops.


Innate Abilities, Weirdness & Mutations

Your life essence is reduced to manifest your ancestor. (-10% HP)
You have a beak for a mouth.
You have claws for feet.
Your magical nature lets you fly swiftly and evasively.


   Skills:
 - Level 8.0 Fighting
 - Level 22.0 Bows
 - Level 8.0 Dodging
 - Level 1.0 Stealth
 + Level 9.7 Evocations


You had 13 spell levels left.
You didn't know any spells.
Your spell library contained the following spells:

 Spells                   Type           Power      Damage    Failure   Level
 Blink                    Tloc           0%         N/A       65%         2
 Call Canine Familiar     Summ           0%         N/A       86%         3
 Confusing Touch          Hex            0%         N/A       86%         3
 Lesser Beckoning         Tloc           0%         N/A       86%         3
 Portal Projectile        Hex/Tloc       0%         N/A       86%         3
 Airstrike                Air            0%         N/A       99%         4
 Leda's Liquefaction      Hex/Erth       0%         N/A       99%         4
 Summon Lightning Spire   Summ/Air       0%         N/A       99%         4
 Freezing Cloud           Conj/Ice/Air   0%         6-21      100%        5
 Lightning Bolt           Conj/Air       0%         1d11      100%        5
 Manifold Assault         Tloc           0%         N/A       100%        5
 Yara's Violent Unravell  Hex/Tmut       0%         3d3       100%        5
 Simulacrum               Ice/Necr       0%         N/A       100%        6
 Enfeeble                 Hex            0%         N/A       100%        7
 Polar Vortex             Ice            0%         N/A       100%        9

Inventory:

Hand Weapons
 h - the +7 longbow of Winter (weapon) {freeze, rElec rC+ Str+6 Int-2, bow}
   (You acquired it on level 1 of the Dungeon)

   Any ammunition fired from it freezes those it strikes, dealing additional
   cold damage.
   It can also slow down cold-blooded creatures.
   Str:       It affects your strength (+6).
   Int:       It affects your intelligence (-2).
   rC:        It protects you from cold.
   rElec:     It insulates you from electricity.
Armour
 f - +0 acid dragon scales (worn)
   (You found it on level 9 of the Dungeon)
 r - a +0 plate armour
   (You found it on level 5 of the Lair of Beasts)
 A - a +0 robe
   (You found it on level 5 of the Lair of Beasts)
 E - a +0 scale mail
   (You found it on level 5 of the Lair of Beasts)
 F - a +2 robe of cold resistance
   (You took it off a gnoll shaman on level 5 of the Dungeon)
 K - a +4 ring mail
   (You found it in an ossuary)
 L - a +0 robe
   (You found it on level 5 of the Lair of Beasts)
 Q - a +0 cloak of stealth (worn)
   (You found it on level 11 of the Dungeon)
Jewellery
 e - a ring of wizardry
   (You found it on level 1 of the Dungeon)
 k - a +6 ring of strength
   (You found it on level 2 of the Dungeon)
 q - an amulet of the acrobat (around neck)
   (You found it on level 2 of the Dungeon)
 v - a +4 ring of protection (right hand)
   (You found it on level 3 of the Dungeon)
 w - a ring of see invisible
   (You bought it in a shop on level 7 of the Dungeon)
 I - a +4 ring of evasion
   (You found it on level 6 of the Dungeon)
 M - the ring "Lapen" (left hand) {*Corrode rF+ Dex+5}
   (You acquired it on level 1 of the Lair of Beasts)

   [ring of protection from fire]

   Dex:       It affects your dexterity (+5).
   rF:        It protects you from fire.
   *Corrode:  It may corrode you when you take damage.
 U - a +4 ring of protection
   (You found it on level 3 of the Lair of Beasts)
 W - a +6 ring of strength
   (You found it on level 3 of the Lair of Beasts)
Wands
 b - a wand of iceblast (15)
   (You took it off a kobold on level 5 of the Dungeon)
 x - a wand of flame (56)
   (You found it on level 4 of the Dungeon)
 D - a wand of acid (11)
   (You found it on level 5 of the Dungeon)
 P - a wand of mindburst (27)
   (You found it on level 8 of the Dungeon)
 Y - a wand of polymorph (9)
   (You found it on level 1 of the Lair of Beasts)
 Z - a wand of charming (5)
   (You found it on level 5 of the Lair of Beasts)
Scrolls
 c - 7 scrolls of immolation {!r!r}
 d - a scroll of brand weapon
 i - a scroll of vulnerability {!r!r}
 j - 4 scrolls of fear
 m - 8 scrolls of enchant weapon
 s - 3 scrolls of magic mapping {!r}
 t - 2 scrolls of holy word
 y - 5 scrolls of amnesia
 z - 4 scrolls of fog
 H - 6 scrolls of teleportation {@r4}
 R - a scroll of enchant armour
 S - 2 scrolls of blinking {!r}
 T - a scroll of silence {!r}
 V - 3 scrolls of identify {@r1}
 X - a scroll of summoning
Potions
 a - 5 potions of mutation {!q}
 g - 2 potions of degeneration {unknown}
 l - 9 potions of curing {@q1}
 n - 4 potions of brilliance
 o - 3 potions of ambrosia {unknown}
 p - 4 potions of haste {unknown}
 u - 5 potions of magic
 B - 6 potions of heal wounds {@q2}
 C - 4 potions of attraction {unknown}
 G - 4 potions of might {unknown}
 J - 3 potions of berserk rage {unknown}
 N - 6 potions of lignification {unknown}
 O - 2 potions of experience {unknown}

Dungeon Overview and Level Annotations

Branches:
Dungeon (11/15)            Temple (1/1) D:6            Lair (6/6) D:9
  Swamp (0/4) Lair:2       Spider (0/4) Lair:2        Slime (0/5) Lair:6
  Sewer (visited)         Ossuary (visited)          Bailey (visited)
    Orc: D:9-12

Altars:
Ashenzari
Cheibriados
Dithmenos
Elyvilon
Gozag
Hepliaklqana
Kikubaaqudgha
Makhleb
Nemelex Xobeh
Okawaru
Qazlal
Ru
Sif Muna
Trog
Uskayaw
Vehumet
Wu Jian
Xom
Yredelemnul
Zin
The Shining One

Shops:
D:5 ? D:7

= ###
#.P.##
......####
#.....##
#..@..#
###.....#
#.#....#
####....P
#.... #...
..# #.


There were no monsters in sight!


Message History

The hornet stings Mettia!
Shoot: h) +7 longbow of Winter {freeze, rElec rC+ Str+6 Int-2, bow}
Press: ? - help, Q - select action, (/) - cycle Shift-Dir - straight line, f/p - hornet
Aim: a hornet (70% to hit)
You shoot an arrow. Mettia avoids your attack.
The arrow hits the hornet!!
The arrow freezes the hornet.
Shoot: h) +7 longbow of Winter {freeze, rElec rC+ Str+6 Int-2, bow}
Press: ? - help, Q - select action, (/) - cycle Shift-Dir - straight line, f/p - hornet
Aim: a hornet (almost dead, 70% to hit)
You shoot an arrow. The arrow hits the hornet!!
The arrow freezes the hornet.
You kill the hornet!
Shoot: h) +7 longbow of Winter {freeze, rElec rC+ Str+6 Int-2, bow}
Press: ? - help, Q - select action, (/) - cycle Shift-Dir - straight line, f - you That would be overly suicidal.
Okay, then.
Shoot: h) +7 longbow of Winter {freeze, rElec rC+ Str+6 Int-2, bow}
Press: ? - help, Q - select action, (/) - cycle Shift-Dir - straight line, f - you
Okay, then.
You start resting.
A nearby fungus withers and dies.
You swap places.
You see here a hornet corpse.
Things that are here:
a water moccasin corpse; a hornet corpse A wolf spider comes into view.
A guardian serpent comes into view.
The wolf spider hisses angrily.
The guardian serpent shouts!
You hear a croak.
A redback comes into view.
A cane toad comes into view.
A black mamba comes into view.
The guardian serpent coils itself and waves its upper body at you.
You feel yourself slow down. What are your orders? t - Shout!
Orders for allies: a - Attack new target. r - Retreat! s - Stop attacking. g - Guard the area. f - Follow me.
Anything else - Cancel.
Gang up on whom?
Press: ? - help, Dir - move target, f - guardian serpent
Aim: a guardian serpent (ally target) Attack!
You swap places.
The guardian serpent casts a spell at you.
The bolt of poison hits Mettia.
Mettia completely resists.
The bolt of poison misses you.
The bolt of poison hits the fungus.
The fungus begins to die.
The guardian serpent hits Mettia.
Mettia hits the guardian serpent with a +0 flail!
The wolf spider misses you. The wolf spider completely misses you.
You see here a redback corpse.
Shoot: h) +7 longbow of Winter {freeze, rElec rC+ Str+6 Int-2, bow}
Press: ? - help, Q - select action, (/) - cycle Shift-Dir - straight line, f/p - guardian serpent
Aim: a guardian serpent (moderately wounded, ally target, 70% to hit)
You shoot an arrow. The arrow hits the wolf spider.
The arrow freezes the wolf spider.
The wolf spider hits you! The wolf spider completely misses you.
Mettia hits the guardian serpent with a +0 flail.
The guardian serpent casts a spell at you.
The cane toad blinks!
The redback blinks!
The black mamba blinks!
HP[-8]
You take 8 damage, and now have 67/75 hp.
As you read the scroll of teleportation {@r4}, it crumbles to dust.
You feel strangely unstable. The black mamba completely misses you.
The wolf spider hits you but does no damage.
The wolf spider misses you. The cane toad misses you. The redback bites you.
You are poisoned.
The redback poisons you! The black mamba closely misses you.
The wolf spider closely misses you. x2; The cane toad closely misses you.
The black mamba misses you. The redback bites you! The wolf spider hits you!!
* * * LOW HITPOINT WARNING * * *
The wolf spider barely misses you.
HP[-34]
You take 34 damage, and now have 33/75 hp.
MASSIVE DAMAGE!! (PAUSE)
You feel better.
A nearby fungus withers and dies.
The black mamba completely misses you. The redback bites you.
You are lethally poisoned!
The redback poisons you! The cane toad barely misses you.
The wolf spider hits you!
* * * LOW HITPOINT WARNING * * *
The wolf spider misses you.
The black mamba bites you but does no damage.
The redback bites you but does no damage.
The guardian serpent casts a spell at you.
You resist with some effort.
Mettia hits the black mamba but does no damage.
The cane toad stings you.
* * * LOW HITPOINT WARNING * * *
You are more poisoned.
The cane toad poisons you! The wolf spider hits you.
* * * LOW HITPOINT WARNING * * *
The wolf spider barely misses you. The black mamba completely misses you.
HP[-13]
You take 13 damage, and now have 20/75 hp.
Blink to where?
Press: ? - help, Q - select action, (/) - cycle Dir - move target, p - guardian serpent
As you read the scroll of blinking {!r}, it crumbles to dust.
Your surroundings suddenly seem different.
You die...

Skill      XL: |  1  2  3  4  5  6  7  8  9 10 11 12 13 14 |
---------------+-------------------------------------------+-----
Bows           | 5 6 7 8 10 12 15 16 17 20 22 | 22.0
Dodging        | 6 8 |  8.0
Fighting       | 5 8 |  8.0
Evocations     | 5 9 |  9.7
Stealth        | |  1.0

Action                   |  1- 3 |  4- 6 |  7- 9 | 10-12 | 13-15 || total
-------------------------+-------+-------+-------+-------+-------++-------
Melee: Longbow           |       |       |       |       |     2 ||     2
       Kick              |       |       |       |       |     2 ||     2
       Peck              |       |       |       |       |     1 ||     1
 Fire: Shortbow          |    33 |       |       |       |       ||    33
       Longbow           |    40 |    63 |   288 |   575 |   377 ||  1343
Invok: Recall Ancestor   |       |       |       |       |     7 ||     7
       Ancestor Life: Kn |       |       |       |       |     1 ||     1
       Ancestor Identity |       |       |       |       |     1 ||     1
  Use: Scroll            |     1 |       |     8 |    13 |     4 ||    26
       Potion            |       |       |     1 |     1 |     1 ||     3
Armor: Leather armour    |     3 |     3 |    13 |       |       ||    19
       Steam dragon scal |       |       |     9 |     6 |       ||    15
       Robe              |       |       |     1 |     8 |       ||     9
       Acid dragon scale |       |       |       |    25 |     6 ||    31
Dodge: Dodged            |    14 |     7 |   102 |   206 |    65 ||   394

Levels and vault maps discovered:
D:1:      lemuel_arrival_hallway, layout_loops_ring,
          corexii_item_surrounded_by_moat
D:2:      layout_basic, basic_altar, chequers_ecumenical_altar_grove
D:3:      layout_basic
D:4:      layout_basic
D:5:      layout_cave_pods, gup_sewer_entry_pipe, serial_shops, shop,
          uniq_eustachio
D:6:      kennysheep_housing_project, layout_gridville,
          minmay_temple_entry_fiery
D:7:      layout_gridville, nicolae_ossuary_entry_monument, serial_shops,
          nicolae_shop_hallway_plus, uniq_prince_ribbit1
D:8:      layout_cave_pods, nicolae_ru_great_annihilating_truth
D:9:      layout_loops_ring, grunt_lair_entry_orc_guard_hut, enter_bailey_6,
          hangedman_decor_push, kennysheep_small_spiral, st_stairs_10
D:10:     layout_gridville, fedhas_bush_and_centaur_altar, gammafunk_ghost_hive,
          minmay_diced_spiral, uniq_erica
D:11:     layout_irregular_city
Temple:   mainiacjoe_temple_big_plus
Lair:1:   layout_misc_corridors
Lair:2:   layout_loops_ring, swamp_mist, spider_nest_entry_funnel_web,
          grunt_megastairs_3, lemuel_fruit_tree, lemuel_fruit_fields,
          uniq_fannar
Lair:3:   layout_loops_ring, minmay_lair_oklob_items, serial_bayou_shore_b
Lair:4:   layout_cave_shapes
Lair:5:   layout_cellular_growth, beast_lair_carwin_5, serial_bayou_shore_b,
          lemuel_fruit_fields, infiniplex_staircase_pool_2
Lair:6:   hangedman_lair_tendril_chambers, layout_regular_city, wormcave,
          minmay_slime_entry_pillars

Notes
Turn   | Place    | Note
-------+----------+-------------------------------------------
     0 | D:1      | zeratav the Tengu Hunter began the quest for the Orb.
     0 | D:1      | Reached XP level 1. HP: 12/12 MP: 2/2
     0 | D:1      | magus.rc [v1.9.6]
   157 | D:1      | Reached XP level 2. HP: 17/17 MP: 3/3
   182 | D:1      | Reached skill level 5 in Bows
   324 | D:1      | Identified a scroll of acquirement
   324 | D:1      | Acquired the +7 longbow of Winter {freeze, rElec rC+ Str+6
                  | Int-2}
   445 | D:1      | Reached XP level 3. HP: 21/21 MP: 4/4
   947 | D:2      | Found an ornate altar of the Wu Jian Council.
  1063 | D:2      | Found a faded altar of an unknown god.
  1195 | D:3      | Reached skill level 6 in Bows
  1195 | D:3      | Reached XP level 4. HP: 26/26 MP: 5/5
  1206 | D:3      | Gained mutation: Your magical nature lets you fly swiftly
                  | and evasively. [Tengu growth]
  1206 | D:3      | Reached XP level 5. HP: 14/30 MP: 6/6
  1447 | D:3      | Reached skill level 7 in Bows
  1718 | D:3      | Reached XP level 6. HP: 29/35 MP: 7/7
  2072 | D:4      | You pick up a book of the Hunter and begin reading...
  2072 | D:4      | You add the spells Call Canine Familiar, Portal Projectile
                  | and Leda's Liquefaction to your library.
  2085 | D:4      | Noticed a steam dragon
  2102 | D:4      | Killed a steam dragon
  2103 | D:4      | Reached skill level 8 in Bows
  2341 | D:4      | Reached XP level 7. HP: 40/40 MP: 8/8
  2472 | D:4      | Reached skill level 9 in Bows
  2570 | D:5      | Entered Level 5 of the Dungeon
  2570 | D:5      | Noticed Eustachio
  2579 | D:5      | Killed Eustachio
  2629 | D:5      | Reached skill level 10 in Bows
  2741 | D:5      | Found Erchonab's Magic Scroll Boutique.
  2756 | D:5      | Reached XP level 8. HP: 39/44 MP: 9/9
  2826 | D:5      | Reached skill level 11 in Bows
  2879 | D:5      | Found a glowing drain.
  2891 | Sewer    | Entered a sewer
  3444 | D:5      | Reached skill level 12 in Bows
  3772 | D:5      | Bought a scroll of fog for 20 gold pieces
  3772 | D:5      | Bought a scroll of teleportation for 30 gold pieces
  4245 | D:6      | Reached XP level 9. HP: 48/48 MP: 10/10
  4306 | D:6      | Reached skill level 13 in Bows
  4870 | D:6      | Reached skill level 14 in Bows
  5213 | D:6      | Found a staircase to the Ecumenical Temple.
  5369 | Temple   | Entered the Ecumenical Temple
  5950 | D:7      | Found Jentur's Jewellery Shoppe.
  5955 | D:7      | Bought a ring of see invisible for 180 gold pieces
  6049 | D:7      | Reached skill level 15 in Bows
  6157 | D:7      | Found a sand-covered staircase.
  6166 | Ossuary  | Entered an ossuary
  6217 | Ossuary  | Reached XP level 10. HP: 53/53 MP: 11/11
  6585 | D:7      | Noticed Prince Ribbit
  6587 | D:7      | Killed Prince Ribbit
  6622 | D:7      | Noticed a kobold demonologist
  6626 | D:7      | Noticed a sun demon
  6627 | D:7      | Killed a kobold demonologist
  6628 | D:7      | Reached skill level 16 in Bows
  7041 | D:8      | You pick up a book of Spatial Translocations and begin
                  | reading...
  7041 | D:8      | You add the spells Blink, Lesser Beckoning and Manifold
                  | Assault to your library.
  7383 | D:8      | Found a sacrificial altar of Ru.
  7391 | D:8      | Reached skill level 3 in Dodging
  7492 | D:8      | Reached skill level 3 in Fighting
  7513 | D:8      | Reached skill level 4 in Dodging
  7813 | D:9      | Found a flagged portal.
  7822 | D:9      | You pick up a book of Misfortune and begin reading...
  7822 | D:9      | You add the spells Confusing Touch, Yara's Violent
                  | Unravelling and Enfeeble to your library.
  7895 | Bailey   | Entered a bailey
  7921 | Bailey   | Reached skill level 4 in Fighting
  7971 | Bailey   | Noticed an orc sorcerer
  7974 | Bailey   | Killed an orc sorcerer
  7975 | Bailey   | Reached skill level 5 in Dodging
  8117 | Bailey   | Reached skill level 5 in Fighting
  8298 | Bailey   | Reached skill level 6 in Dodging
  8429 | Bailey   | Reached XP level 11. HP: 64/64 MP: 12/12
  8487 | Bailey   | Found an iron altar of Okawaru.
  8487 | Bailey   | Noticed an orc knight
  8508 | Bailey   | Reached skill level 6 in Fighting
  8529 | Bailey   | Killed an orc knight
  8530 | Bailey   | Reached skill level 7 in Dodging
  8558 | Bailey   | Identified the +1 plate armour "Cuicluuw" {rElec rF- Int+3}
  8570 | Bailey   | You pick up a book of Ice and begin reading...
  8570 | Bailey   | You add the spells Freezing Cloud, Simulacrum and Polar
                  | Vortex to your library.
  8614 | Bailey   | Identified the +5 war axe "Gucled" {freeze, rC+}
  8616 | Bailey   | Identified the +7 scythe "Beastslayer" {vamp, Fly Int+4
                  | Stlth-}
  8723 | D:9      | Reached skill level 7 in Fighting
  8749 | D:9      | You are sucked into a shaft and drop 2 floors!
  8749 | D:11     | Noticed a four-headed hydra
  8815 | D:10     | Entered Level 10 of the Dungeon
  8879 | D:9      | Reached skill level 8 in Dodging
  8973 | D:9      | Reached skill level 8 in Fighting
  9445 | D:9      | Identified the +6 war axe "Sun Eble" {drain, rF- Will++}
  9590 | D:9      | Found a staircase to the Lair.
  9693 | D:9      | Reached skill level 17 in Bows
 10002 | Lair:1   | Entered Level 1 of the Lair of Beasts
 10171 | Temple   | Became a worshipper of Hepliaklqana the Forgotten
 10315 | D:10     | You pick up a book of Storms and begin reading...
 10315 | D:10     | You add the spells Airstrike, Summon Lightning Spire and
                  | Lightning Bolt to your library.
 10471 | Lair:1   | Reached XP level 12. HP: 73/73 MP: 13/13
 10789 | Lair:1   | HP: 15/73 [basilisk (6)]
 10808 | Lair:1   | Reached skill level 18 in Bows
 11062 | Lair:1   | Acquired the ring "Lapen" {*Corrode rF+ Dex+5}
 11636 | Lair:2   | Noticed Fannar
 11807 | Lair:1   | Reached skill level 19 in Bows
 12090 | Lair:2   | Killed Fannar
 12353 | Lair:2   | Found a staircase to the Swamp.
 12540 | Lair:2   | Reached skill level 20 in Bows
 12752 | Lair:2   | Found a hole to the Spider Nest.
 12869 | Lair:2   | Reached * piety under Hepliaklqana
 12873 | Lair:2   | Reached XP level 13. HP: 70/70 MP: 14/14
 13949 | Lair:4   | Reached skill level 21 in Bows
 14187 | Lair:4   | Reached ** piety under Hepliaklqana
 14188 | Lair:4   | Remembered your ancestor Mettia as a knight
 14278 | Lair:4   | You pick up a book of Spatial Translocations and begin
                  | reading...
 15031 | Lair:5   | Reached skill level 22 in Bows
 15035 | Lair:5   | Reached skill level 1 in Evocations
 15068 | Lair:5   | Reached skill level 2 in Evocations
 15126 | Lair:5   | Reached skill level 3 in Evocations
 15251 | Lair:5   | You pick up a book of Ice and begin reading...
 15420 | Lair:5   | Reached skill level 4 in Evocations
 15491 | Lair:5   | Reached skill level 5 in Evocations
 16031 | Lair:6   | Entered Level 6 of the Lair of Beasts
 16074 | Lair:6   | Reached XP level 14. HP: 75/75 MP: 15/15
 16079 | Lair:6   | Reached skill level 6 in Evocations
 16202 | Lair:6   | Reached skill level 7 in Evocations
 16260 | Lair:6   | Found a staircase to the Slime Pits.
 16315 | Lair:6   | Reached skill level 8 in Evocations
 16648 | Lair:6   | Reached *** piety under Hepliaklqana
 16718 | Lair:6   | Reached skill level 9 in Evocations
 17043 | Lair:6   | Succumbed to a cane toad's poison

Vanquished Creatures
  Fannar (Lair:2)
  2 hydras
  A catoblepas (Lair:4)
  5 death yaks
  An orc knight (Bailey)
  An oklob plant (Lair:3)
  An orc sorcerer (Bailey)
  5 elephants
  7 black mambas
  13 cane toads
  2 kobold demonologists
  4 rime drakes
  10 komodo dragons
  2 hornets
  5 polar bears
  Prince Ribbit (D:7)
  3 slime creatures (Lair:6)
  16 blink frogs
  2 culicivoras (Lair:2)
  9 wyverns
  A jumping spider (Lair:2)
  Eustachio (D:5)
  56 yaks
  2 steam dragons
  9 basilisks
  4 redbacks
  An acid dragon (D:9)
  19 water moccasins
  16 orc warriors
  5 black bears
  6 wolves
  An ogre (D:5)
  A sky beast (D:7)
  5 centaurs
  2 phantoms (D:5)
  6 kobold brigands
  10 bullfrogs
  4 scorpions
  5 water moccasin zombies (Ossuary)
  12 wights
  5 killer bees (D:9)
  2 howler monkeys
  6 electric eels (Bailey)
  7 hounds
  4 jellies
  3 gnoll shamans
  9 orc priests
  4 iguanas
  11 orc wizards
  2 mummies (Ossuary)
  17 gnolls
  9 adders
  4 river rats (Sewer)
  A shadow imp (D:5)
  3 white imps
  2 ufetubi
  7 adder zombies (Ossuary)
  A worm (D:2)
  3 dart slugs
  40 orcs
  7 bats
  9 endoplasms
  8 giant cockroaches
  3 gnoll zombies (Ossuary)
  15 goblins
  14 hobgoblins
  3 jackals (D:1)
  5 quokkas
  10 ball pythons
  5 frilled lizards
  6 hobgoblin zombies (Ossuary)
  31 kobolds
  8 kobold zombies (Ossuary)
  3 orc zombies (Ossuary)
  11 rats
535 creatures vanquished.

Vanquished Creatures (collateral kills)
  A death yak (Lair:6)
  2 elephants
  A cane toad (Lair:6)
  A hornet (Lair:6)
  3 blink frogs
  3 wyverns
  3 yaks
  A redback (Lair:6)
  A water moccasin (Lair:6)
  A butterfly (Lair:5)
17 creatures vanquished.

Vanquished Creatures (others)
  An ancestor (Lair:3)
  A knight (Lair:5)
  A kobold (D:4)
  70 fungi
  78 plants
151 creatures vanquished.

Grand Total: 703 creatures vanquished

Table legend:
 A = Non-vault XP
 B = Vault XP
 C = Vault XP percentage of total XP
 D = Non-vault monster count
 E = Vault monster count
 F = Vault count percentage of total count
                 A         B        C        D         E       F
            +---------+---------+-------+---------+---------+-------
      Total |   49696 |   18906 |  27.6 |     368 |     183 |  33.2
            +---------+---------+-------+---------+---------+-------
        D:1 |      39 |       0 |   0.0 |      23 |       0 |   0.0
        D:2 |      33 |       0 |   0.0 |      16 |       0 |   0.0
        D:3 |     274 |       0 |   0.0 |      24 |       0 |   0.0
        D:4 |     302 |       0 |   0.0 |      16 |       0 |   0.0
        D:5 |    1232 |     234 |  16.0 |      45 |      11 |  19.6
        D:6 |     773 |    1009 |  56.6 |      13 |      30 |  69.8
        D:7 |    1167 |     274 |  19.0 |      19 |       1 |   5.0
        D:8 |     901 |       5 |   0.6 |      14 |       4 |  22.2
        D:9 |    5723 |    1084 |  15.9 |      59 |       7 |  10.6
     Lair:1 |    6354 |       0 |   0.0 |      28 |       0 |   0.0
     Lair:2 |    6419 |    2196 |  25.5 |      26 |       7 |  21.2
     Lair:3 |    2960 |     557 |  15.8 |      13 |       1 |   7.1
     Lair:4 |    7721 |       0 |   0.0 |      30 |       0 |   0.0
     Lair:5 |    7471 |    2183 |  22.6 |      21 |       5 |  19.2
     Lair:6 |    8327 |    7316 |  46.8 |      21 |      31 |  59.6
      Sewer |       0 |     103 | 100.0 |       0 |      16 | 100.0
    Ossuary |       0 |     490 | 100.0 |       0 |      34 | 100.0
     Bailey |       0 |    3455 | 100.0 |       0 |      36 | 100.0
            +---------+---------+-------+---------+---------+-------

Illustrated notes

Table legend:
 A = Kills in this place as a percentage of kills in entire the game.
 B = Kills by you in this place as a percentage of kills by you in the entire game.
 C = Kills by friends in this place as a percentage of kills by friends in the entire game.
 D = Other kills in this place as a percentage of other kills in the entire game.
 E = Experience gained in this place as a percentage of experience gained in the entire game.
 F = Experience gained in this place divided by the number of levels of this place that you have seen.
                   A       B       C       D       E      F
               +-------+-------+-------+-------+-------+----------------------
         Total | 100.0 | 100.0 | 100.0 |   N/A | 100.0 | 3266.8
       Dungeon |  51.2 |  52.7 |   0.0 |   N/A |  19.0 | 1186.4
          Lair |  33.2 |  31.2 | 100.0 |   N/A |  75.1 | 8584.0
         Sewer |   2.9 |   3.0 |   0.0 |   N/A |   0.2 | 103.0
       Ossuary |   6.2 |   6.4 |   0.0 |   N/A |   0.7 | 490.0
        Bailey |   6.5 |   6.7 |   0.0 |   N/A |   5.0 | 3455.0
               +-------+-------+-------+-------+-------+----------------------

Table legend: (Time is in decaauts)
 A = Elapsed time spent in this place.
 B = Non-inter-level travel time spent in this place.
 C = Inter-level travel time spent in this place.
 D = Time resting spent in this place.
 E = Time spent auto-exploring this place.
 F = Levels seen in this place.
 G = Mean time per level.
                   A        B        C        D        E       F      G
               +--------+--------+--------+--------+--------+-----+--------+
         Total |  15984 |  15027 |    957 |   2780 |   6864 |  21 |  761.1 |
       Dungeon |   8078 |   7486 |    592 |    816 |   4654 |  11 |  734.4 |
        Temple |    442 |    348 |     94 |      0 |    340 |   1 |  442.0 |
          Lair |   6171 |   5901 |    270 |   1861 |   1841 |   6 | 1028.5 |
         Sewer |    383 |    383 |      0 |     83 |     28 |   1 |  383.0 |
       Ossuary |    205 |    205 |      0 |      3 |      0 |   1 |  205.0 |
        Bailey |    702 |    702 |      0 |     16 |      0 |   1 |  702.0 |
               +--------+--------+--------+--------+--------+-----+--------+

Top non-repeatable levels by time:
  Lair:1: 1463 daAuts
     D:9: 1449 daAuts
  Lair:5: 1293 daAuts
     D:6: 1267 daAuts
     D:5: 1209 daAuts
  Lair:2: 1060 daAuts
  Lair:6: 922 daAuts
     D:7: 854 daAuts
  Lair:3: 807 daAuts
     D:2: 734 daAuts
  Bailey: 702 daAuts
     D:3: 678 daAuts
     D:8: 676 daAuts
     D:1: 633 daAuts
  Lair:4: 624 daAuts
